 Dungeon Crawl Stone Soup version 0.28.0-62-gf88900778d (webtiles) character file.

Game seed: 10084866730026388169

2903 cbfl8 the Cleaver (level 9, -1/79 HPs)
             Began as a Minotaur Berserker on June 29, 2023.
             Was a Priest of Trog.
             Slain by a gnoll
             ... wielding a +2 halberd of electrocution
              (6 damage)
             ... in a bailey.
             The game lasted 00:07:10 (7748 turns).

cbfl8 the Cleaver (Minotaur Berserker)              Turns: 7748, Time: 00:07:10

Health: -1/79      AC: 11    Str: 22    XL:     9   Next: 49%
Magic:  8/8        EV: 14    Int:  4    God:    Trog [***...]
Gold:   224        SH:  0    Dex: 14    Spells: 8/8 levels left

rFire   . . .      SeeInvis .   a - +0 hand axe
rCold   . . .      Faith    .   (no shield)
rNeg    . . .      Spirit   .   D - +0 chain mail
rPois   +          Reflect  .   (helmet restricted)
rElec   .          Harm     .   (no cloak)
rCorr   .          Rampage  .   (no gloves)
Will    .....                   p - +0 pair of boots
Stlth   ..........              (no amulet)
HPRegen 0.23/turn               b - ring of poison resistance
MPRegen 0.11/turn               o - +4 ring of evasion

@: on berserk cooldown, slowed, very slow
A: horns 2, retaliatory headbutt
a: Renounce Religion, Berserk, Trog's Hand


You were in a bailey.
You worshipped Trog.
Trog was most pleased with you.
You visited 1 branch of the dungeon, and saw 8 of its levels.
You also visited: Bailey.

You collected 314 gold pieces.
You spent 90 gold pieces at shops.

Inventory:

Hand Weapons
 a - a +0 hand axe (weapon)
Armour
 p - a +0 pair of boots (worn)
 D - a +0 chain mail (worn)
Jewellery
 b - a ring of poison resistance (left hand)
 o - a +4 ring of evasion (right hand)
Wands
 c - a wand of flame (22)
 s - a wand of paralysis (9)
 u - a wand of digging (3) (quivered)
 v - a wand of acid (9)
Scrolls
 f - 2 scrolls of teleportation
 g - a scroll of magic mapping
 j - 2 scrolls of silence
 k - 2 scrolls of immolation
 t - a scroll of blinking {unknown}
 x - a scroll of enchant weapon {unknown}
 y - a scroll of fog
 A - 2 scrolls of noise {unknown}
 C - a scroll of vulnerability {unknown}
Potions
 d - 2 potions of flight
 e - 3 potions of heal wounds {unknown}
 h - a potion of mutation {unknown}
 i - 2 potions of brilliance {unknown}
 l - 5 potions of curing
 m - 2 potions of lignification {unknown}
 n - 4 potions of haste
 q - 2 potions of attraction {unknown}
 r - a potion of berserk rage {unknown}
 w - a potion of cancellation {unknown}
 z - a potion of invisibility {unknown}
 B - a potion of might {unknown}
 E - a potion of magic {unknown}


   Skills:
 + Level 7.0 Fighting
 + Level 9.8 Axes
 + Level 6.6 Armour
 + Level 5.0 Dodging
 + Level 2.9 Stealth
 * Level 5.1 Evocations


You had 8 spell levels left.
You didn't know any spells.
Your spell library was empty.

Dungeon Overview and Level Annotations

Branches:
Dungeon (8/15)             Temple (0/1) D:4          Bailey (1/1)
   Lair: D:8-11

Altars:
Ashenzari
Fedhas
Kikubaaqudgha
Makhleb
Okawaru
Sif Muna
Wu Jian
Xom
Zin
The Shining One

Shops:
D:2 :   D:3 [   D:7 :

Annotations:
D:5 3 runed translucent doors, Coron's ghost, weakling DDDe; cbfl8's ghost, novice MfBe


Innate Abilities, Weirdness & Mutations

You have a pair of horns on your head.
You reflexively headbutt those who attack you in melee.


Message History

Your Evocations skill increases to level 5!
Found a fuming orange potion and a fuming black potion.
The gnoll barely misses you.
You see here a +0 halberd.
You completely miss the gnoll. You hit the gnoll but do no damage.
The gnoll barely misses you. You furiously retaliate!
You headbutt the gnoll!
You kill the gnoll!
Trog accepts your kill.
A gnoll comes into view.
It is wielding a +2 halberd of electrocution.
There is an open door, spattered with blood here.
You see here a +0 halberd of draining.
You feel a strong urge to attack something.
You are no longer berserk.
You are exhausted.
You feel yourself slow down.
The gnoll drinks a potion.
The gnoll seems to speed up.
You see here a +0 halberd.
Which direction?
You close the door, pushing everything out of the way.
Things that are here:
a +2 halberd of draining; a +0 halberd; a gnoll corpse A gnoll opens the door.
There is an open door, spattered with blood here.
You see here a +0 halberd of draining.
Okay, then.
Okay, then.
The gnoll barely misses you. x2
Things that are here:
a +3 halberd of draining; a gnoll corpse The gnoll closely misses you.
There is an open door here.
The gnoll closely misses you.
The gnoll hits you from afar with a +2 halberd of electrocution.
* * * LOW HITPOINT WARNING * * *
The gnoll closely misses you. The gnoll barely misses you.
There is a fountain of blood here.
The gnoll hits you from afar with a +2 halberd of electrocution.
You die...

##### #)))##
#'###'##+##+ .!#
##.....# .... #.g...#
+!.⌠. +..⌠..+ #.!.!
#...@.# #!.! #!....##
+##+ +# #+##+##'##
#g#.# ##)# ### ###
##### ### #'#
#)###)###)#)###)###.#
##'##'##'###'##'##'##
##.....## ##.....##
###.....#####.....###


You could see a gnoll (fast).

Vanquished Creatures
  An orc knight (Bailey)
  Grinder (D:3)
  3 water moccasins
  An orc warrior (D:6)
  A hornet zombie (D:7)
  A necrophage (D:4)
  A black bear (D:5)
  2 ice beasts
  2 ogres
  A phantom (D:6)
  2 scorpions
  A water moccasin skeleton (D:5)
  6 killer bees (D:7)
  A crimson imp (D:3)
  2 hounds
  2 bullfrog skeletons
  2 orc priests
  A centaur skeleton (D:4)
  2 iguanas
  5 orc wizards
  A hound skeleton (D:5)
  2 howler monkey zombies (D:5)
  7 gnolls (Bailey)
  2 howler monkey skeletons
  6 adders
  A shadow imp (D:7)
  2 white imps
  2 ufetubi
  An adder zombie (D:5)
  2 dart slugs
  24 orcs
  5 ball pythons
  4 bats
  9 endoplasms
  3 giant cockroaches
  5 goblins
  6 hobgoblins
  5 quokkas
  10 frilled lizards
  2 kobolds (D:1)
  5 rats
142 creatures vanquished.

Notes
Turn   | Place    | Note
-------+----------+-------------------------------------------
     0 | D:1      | cbfl8 the Minotaur Berserker began the quest for the Orb.
     0 | D:1      | Reached XP level 1. HP: 19/19 MP: 0/0
    61 | D:1      | Found a faded altar of an unknown god.
   171 | D:1      | Reached XP level 2. HP: 19/27 MP: 1/1
   699 | D:2      | Reached skill level 4 in Axes
   752 | D:2      | Found Pabbapn Rame's Book Boutique.
   970 | D:2      | Reached skill level 1 in Evocations
   970 | D:2      | Reached XP level 3. HP: 33/33 MP: 2/2
   976 | D:2      | Reached ** piety under Trog
  1292 | D:2      | Found an ancient bone altar of Kikubaaqudgha.
  1746 | D:3      | Found a burning altar of Makhleb.
  1747 | D:3      | Found a shimmering altar of Xom.
  1764 | D:3      | Reached XP level 4. HP: 24/40 MP: 3/3
  2112 | D:3      | Noticed Grinder
  2116 | D:3      | Reached skill level 5 in Axes
  2128 | D:3      | Killed Grinder
  2129 | D:3      | Reached skill level 6 in Axes
  2129 | D:3      | Reached skill level 1 in Stealth
  2129 | D:3      | Reached XP level 5. HP: 18/47 MP: 4/4
  2129 | D:3      | Reached XP level 6. HP: 21/53 MP: 5/5
  2581 | D:3      | Found Xoicir's Armour Shop.
  2795 | D:3      | Found an iron altar of Okawaru.
  3209 | D:3      | Found an ornate altar of the Wu Jian Council.
  3683 | D:4      | Reached skill level 5 in Fighting
  3770 | D:4      | Reached XP level 7. HP: 57/61 MP: 6/6
  3872 | D:4      | Found a staircase to the Ecumenical Temple.
  4168 | D:5      | Entered Level 5 of the Dungeon
  4303 | D:5      | Reached skill level 7 in Axes
  4462 | D:5      | Found a runed translucent gate.
  4462 | D:5      | Found a runed translucent gate.
  4462 | D:5      | Found a runed translucent gate.
  4621 | D:5      | Reached XP level 8. HP: 69/69 MP: 7/7
  4915 | D:5      | Reached *** piety under Trog
  5172 | D:5      | Noticed Coron's ghost (weakling DDDe)
  5173 | D:5      | Noticed cbfl8's ghost (novice MfBe)
  5225 | D:6      | Found a blossoming altar of Fedhas.
  5455 | D:6      | Found Zin's Purification Station.
  5458 | D:6      | Found a glowing silver altar of Zin.
  5465 | D:6      | Reached skill level 8 in Axes
  5477 | D:6      | Bought a potion of curing for 90 gold pieces
  5757 | D:6      | Found a broken altar of Ashenzari.
  5806 | D:6      | Reached skill level 5 in Armour
  5861 | D:6      | Found a shimmering blue altar of Sif Muna.
  6279 | D:7      | Reached skill level 9 in Axes
  6283 | D:7      | Reached XP level 9. HP: 78/78 MP: 8/8
  6899 | D:7      | Found Zecochoff's Book Shoppe.
  7457 | D:8      | Found a glowing golden altar of the Shining One.
  7484 | D:8      | Found a flagged portal.
  7494 | Bailey   | Entered a bailey
  7724 | Bailey   | Noticed an orc knight
  7735 | Bailey   | Killed an orc knight
  7736 | Bailey   | Reached skill level 5 in Dodging
  7736 | Bailey   | Reached skill level 5 in Evocations
  7748 | Bailey   | Slain by a gnoll

Illustrated notes

Levels and vault maps discovered:
D:1:      dpeg_arrival_shelter, layout_basic, basic_ecumenical_altar,
          st_stairs_10
D:2:      layout_loops_cross, serial_shops, shop, basic_altar,
          minmay_lizard_pond
D:3:      layout_basic, grunt_temple_overflow_champion_of_chaos,
          overflow_temple_1_default, lemuel_round_altar, serial_shops,
          nicolae_shop_stone, uniq_grinder
D:4:      layout_rooms, minmay_temple_entry_antechambers
D:5:      layout_gridville, gammafunk_ghost_cemetery, hangedman_decor_lopped,
          glass_columns_a, hex_tiny
D:6:      layout_rooms, mainiacjoe_overflow_24_doors, lemuel_round_altar,
          zin_purify, mainiacjoe_overflow_paths
D:7:      layout_loops_ring, serial_shops, kennysheep_mini
D:8:      layout_basic, mainiacjoe_overflow_alcove_4, lemuel_doored_altar,
          vehumet_statue, enter_bailey_2, patterned_corridor
Bailey:   bailey_polearm_nasty_gnolls, bailey

Skill      XL: |  1  2  3  4  5  6  7  8  9 |
---------------+----------------------------+-----
Fighting       | 4 5 6 7 |  7.0
Axes           | 4 6 7 9 |  9.8
Evocations     | 1 2 3 4 5 |  5.1
Dodging        | 3 4 5 |  5.0
Stealth        | 1 2 |  2.9
Armour         | 3 5 6 |  6.6

Action                   |  1- 3 |  4- 6 |  7- 9 || total
-------------------------+-------+-------+-------++-------
Melee: Hand axe          |    91 |    61 |   266 ||   418
       Headbutt          |    10 |    17 |    43 ||    70
       Punch             |       |     1 |     2 ||     3
Invok: Berserk           |     1 |     2 |     5 ||     8
Evoke: Wand              |       |       |     1 ||     1
  Use: Scroll            |     3 |     2 |     3 ||     8
 Stab: Sleeping          |       |     1 |       ||     1
       Distracted        |       |       |     1 ||     1
Armor: Animal skin       |    14 |     4 |       ||    18
       Ring mail         |       |     5 |     4 ||     9
       Scale mail        |       |       |    38 ||    38
       Chain mail        |       |       |    27 ||    27
Dodge: Dodged            |    49 |    34 |   187 ||   270
